 Dungeon Crawl Stone Soup version 0.27.1-33-g824d729ab1 (webtiles) character file.

Game seed: 13278849380891134897

7388 SomeSinner the Basher (level 10, -1/102 HPs)
             Began as a Troll Berserker on Dec 23, 2021.
             Was an Elder of Trog.
             Slain by a manticore (14 damage)
             ... on level 10 of the Dungeon on Dec 24, 2021.
             The game lasted 01:29:05 (8034 turns).

SomeSinner the Basher (Troll Berserker)             Turns: 8034, Time: 01:29:06

Health: -1/102     AC: 10    Str: 28    XL:     10   Next: 92%
Magic:  0/9        EV: 10    Int:  5    God:    Trog [****..]
Gold:   187        SH:  0    Dex:  9    Spells: 9/9 levels left

rFire    . . .     SeeInvis .   A - +6 dire flail (spect)
rCold    . . .     Faith    .   (shield currently unavailable)
rNeg     . . .     Spirit   +   N - +0 troll leather armour
rPois    +         Reflect  .   (helmet restricted)
rElec    .         Harm     .   (no cloak)
rCorr    .         Rampage  .   (gloves unavailable)
Will     .....                  (boots unavailable)
Stlth    +.........             M - amulet of guardian spirit
HPRegen  2.27/turn              l - +4 ring of protection
MPRegen  0.11/turn              I - ring of poison resistance

@: on berserk cooldown, slowed, very slow
A: large, unfitting armour, claws 3, regeneration 1, shaggy fur 1, tough skin 1
a: Renounce Religion, Berserk, Trog's Hand, Brothers in Arms


You were on level 10 of the Dungeon.
You worshipped Trog.
Trog was greatly pleased with you.
You visited 1 branch of the dungeon, and saw 10 of its levels.

You collected 502 gold pieces.
You spent 315 gold pieces at shops.

Inventory:

Hand Weapons
 k - the +3 glaive "Deeck" {freeze, *Slow rPois Str+7 Int-4}
   (You acquired it on level 4 of the Dungeon)

   It freezes those it strikes, dealing additional cold damage.
   It can also slow down cold-blooded creatures.
   Str:       It affects your strength (+7).
   Int:       It affects your intelligence (-4).
   rPois:     It protects you from poison.
   *Slow:     It may slow you when you take damage.
 x - a +0 shortbow
 A - a +6 spectral dire flail (weapon)
 B - a +2 morningstar of freezing
 C - a +3 war axe
Missiles
 c - 124 sling bullets
 d - 91 stones
 r - 4 large rocks
 t - 7 boomerangs (quivered)
 y - 185 arrows
 z - 38 poisoned darts
 F - 3 atropa-tipped darts
 H - a throwing net
Armour
 b - a +0 animal skin
 h - a +1 robe
 D - a +2 robe of fire resistance
 N - a +0 troll leather armour (worn)
Jewellery
 l - a +4 ring of protection (left claw)
 E - a ring of protection from cold
 G - a +4 ring of evasion
 I - a ring of poison resistance (right claw)
 K - a ring of flight
 M - an amulet of guardian spirit (around neck)
Wands
 f - a wand of digging (4)
Scrolls
 j - 5 scrolls of identify
 p - 2 scrolls of magic mapping
 q - a scroll of blinking
 v - 3 scrolls of teleportation
Potions
 a - a potion of ambrosia {unknown}
 e - 2 potions of resistance
 g - a potion of mutation
 i - 2 potions of magic
 m - a potion of degeneration
 n - 3 potions of attraction
 o - 3 potions of haste
 s - a potion of heal wounds
 u - 4 potions of lignification
 w - 3 potions of curing
 J - a potion of flight {unknown}
 L - a potion of brilliance


   Skills:
 * Level 7.4 Fighting
 - Level 1.4(6.6) Axes
 * Level 8.0 Maces & Flails
 - Level 7.1(7.2) Polearms
 + Level 2.9 Throwing
 * Level 3.3 Armour
 + Level 5.3 Dodging
 - Level 1.4 Stealth


You had 9 spell levels left.
You didn't know any spells.
Your spell library contained the following spells:

 Spells                   Type           Power      Damage    Failure   Level
 Corona                   Hex            0%         N/A       52%         1
 Corpse Rot               Necr/Air       N/A        N/A       65%         2
 Ensorcelled Hibernation  Hex/Ice        0%         N/A       65%         2
 Poisonous Vapours        Pois/Air       0%         N/A       65%         2
 Frozen Ramparts          Ice            0%         1d2       87%         3
 Tukima's Dance           Hex            0%         N/A       87%         3
 Ice Form                 Ice/Tmut       0%         N/A       99%         4
 Summon Ice Beast         Ice/Summ       0%         N/A       99%         4
 Freezing Cloud           Conj/Ice/Air   0%         6-21      100%        5
 Summon Forest            Summ/Tloc      0%         N/A       100%        5
 Summon Mana Viper        Hex/Summ       0%         N/A       100%        5
 Shadow Creatures         Summ           N/A        N/A       100%        6


Dungeon Overview and Level Annotations

Branches:
Dungeon (10/15)            Temple (0/1) D:7            Lair (0/6) D:10
    Orc (0/2) D:10

Altars:
Cheibriados
Uskayaw
The Shining One

Shops:
D:1 [   D:2 [:*:   D:10 =*=

Annotations:
D:3 2 transporters
D:6 1 runed translucent door, Crazy Yiuf
D:10 1 transporter, pkoi's ghost, journeyman MiFi


Innate Abilities, Weirdness & Mutations

You are too large for most types of armour.
You have claws for hands.
Your natural rate of healing is unusually fast.
You are covered in fur. (AC +1)
You have tough skin. (AC +1)


Message History

The water moccasin barely misses you. The water moccasin bites you!
* * * LOW HITPOINT WARNING * * *
You feel much better.
You feel sick. The water moccasin bites you. x2
* * * LOW HITPOINT WARNING * * *
The water moccasin bites you.
* * * LOW HITPOINT WARNING * * *
You feel much better.
You feel sick.
You are no longer poisoned.
The water moccasin bites you.
The water moccasin bites you but does no damage.
The water moccasin bites you.
The water moccasin bites you but does no damage.
Pkoi's ghost says, "You can hit me, but you can't hurt me."
The manticore bites you but does no damage.
The manticore claws you!
The manticore claws you but does no damage.
The water moccasin barely misses you.
Your black bear goes berserk!
The water moccasin bites you! The manticore misses you.
The manticore closely misses you. The manticore barely misses you.
The water moccasin bites you! The manticore bites you!!
* * * LOW HITPOINT WARNING * * *
The manticore misses you.
The manticore claws you but does no damage.
The water moccasin bites you!
* * * LOW HITPOINT WARNING * * *
The water moccasin closely misses you. The moth of wrath bites you.
* * * LOW HITPOINT WARNING * * *
Your black bear bites pkoi's ghost but does no damage.
Your black bear barely misses pkoi's ghost.
Your black bear claws pkoi's ghost but does no damage.
You feel much better. The manticore closely misses you.
The manticore claws you.
The manticore claws you but does no damage.
Your black bear closely misses pkoi's ghost.
Your black bear barely misses pkoi's ghost. x2
The moth of wrath closely misses you. The manticore bites you!!
* * * LOW HITPOINT WARNING * * *
The manticore claws you!
You die...

#.......##..# #..#
#.......##..# #..##..#
#.......##..# #..##..# ..
#.......##..# #..##..#
#..#.#.......##..# #..##...
#.#.#........#..## #..##...
#...#....###.....###..##..#
#.......##.#####..##......#
#.#.....#h@y...##..#......#
#....##HW#....##.#......#
#....#.#S..#..©#.#.###...
####....#$.#.##..##.#.......
........##.#...#.#©...≈≈≈≈§≈
.####....#!#.....##...≈..§..
#...©#)[.©#...#...≈.§§§≈
#....#[.#...#.#...≈§≈§..
#...##.....#.##...≈.≈.§§


You could see a manticore (berserk), a moth of wrath, a water moccasin (berserk,
ally target), pkoi's ghost and a friendly black bear (summoned, berserk).

Vanquished Creatures
  A catoblepas (D:10)
  Pikel (D:5)
  2 kobold demonologists (D:10)
  A komodo dragon (D:10)
  A troll (D:9)
  Prince Ribbit (D:6)
  Grinder (D:5)
  A shadow (D:10)
  A wyvern (D:9)
  A yak (D:10)
  Menkaure (D:5)
  Edmund (D:5)
  2 acid dragons
  5 water moccasins
  Duvessa (D:5)
  2 orc warriors
  A sky beast (D:6)
  A necrophage (D:4)
  4 centaurs
  4 phantoms
  A lemure (D:5)
  3 kobold brigands
  A scorpion (D:4)
  2 bullfrogs
  A gnoll sergeant (D:9)
  A water moccasin skeleton (D:5)
  2 wyvern skeletons
  Dowan (D:5)
  A killer bee (D:9)
  3 wights (D:8)
  3 centaur zombies
  A lava snake (D:10)
  2 hounds
  2 bullfrog zombies
  A jelly (D:5)
  A gnoll shaman (D:4)
  A centaur skeleton (D:5)
  3 orc priests
  A bullfrog skeleton (D:6)
  An iguana (D:6)
  Ijyb (D:5)
  9 orc wizards
  A killer bee zombie (D:9)
  Robin (D:3)
  8 gnolls
  12 adders
  A river rat (D:5)
  2 white imps (D:6)
  2 worms
  2 dart slugs
  12 orcs
  2 endoplasms
  3 giant cockroaches
  13 goblins
  12 hobgoblins
  3 jackals (D:2)
  16 kobolds
  7 quokkas
  7 ball pythons
  A frilled lizard (D:1)
  5 rats
185 creatures vanquished.

Vanquished Creatures (collateral kills)
  A kobold demonologist (D:9)
  4 killer bees (D:9)
  3 kobolds (D:9)
8 creatures vanquished.

Vanquished Creatures (others)
  A fungus (D:2)
  5 plants
6 creatures vanquished.

Grand Total: 199 creatures vanquished

Notes
Turn   | Place    | Note
-------+----------+-------------------------------------------
     0 | D:1      | SomeSinner the Troll Berserker began the quest for the Orb.
     0 | D:1      | Reached XP level 1. HP: 22/22 MP: 0/0
   229 | D:1      | Found Qiq Afuon's Antique Armour Shoppe.
   305 | D:1      | Reached XP level 2. HP: 29/29 MP: 1/1
   481 | D:1      | Reached skill level 3 in Maces & Flails
   788 | D:2      | Found Xasowiak's Book Boutique.
   815 | D:2      | Reached XP level 3. HP: 31/36 MP: 2/2
   825 | D:2      | Reached ** piety under Trog
   976 | D:2      | Reached XP level 4. HP: 36/44 MP: 3/3
  1062 | D:2      | Found Ussi's Book Shoppe.
  1069 | D:2      | Found Muet's Armour Shoppe.
  1121 | D:2      | Found Waamp's General Store.
  1339 | D:2      | Reached skill level 1 in Axes
  1547 | D:3      | Noticed Robin
  1557 | D:3      | Reached skill level 1 in Throwing
  1584 | D:3      | Killed Robin
  1745 | D:3      | Found a transporter.
  1766 | D:3      | Found a transporter.
  2303 | D:4      | Identified a scroll of acquirement
  2305 | D:4      | Acquired the +3 glaive "Deeck" {freeze, *Slow rPois Str+7
                  | Int-4}
  2310 | D:4      | Lost intelligence.
  2346 | D:4      | Noticed a necrophage
  2351 | D:4      | Killed a necrophage
  2352 | D:4      | Reached XP level 5. HP: 53/53 MP: 4/4
  2393 | D:4      | Reached skill level 1 in Polearms
  2457 | D:4      | Reached XP level 6. HP: 61/61 MP: 5/5
  2658 | D:4      | Reached XP level 7. HP: 63/70 MP: 6/6
  3108 | D:5      | Entered Level 5 of the Dungeon
  3230 | D:5      | Noticed Duvessa
  3230 | D:5      | Noticed Dowan
  3235 | D:5      | Killed Dowan
  3240 | D:5      | Killed Duvessa
  3293 | D:5      | Reached XP level 8. HP: 65/79 MP: 7/7
  3411 | D:5      | Noticed Menkaure
  3414 | D:5      | Killed Menkaure
  3415 | D:5      | Reached skill level 5 in Polearms
  3493 | D:5      | Found a snail-covered altar of Cheibriados.
  3611 | D:5      | Noticed Pikel
  3643 | D:5      | Killed Pikel
  3644 | D:5      | Reached skill level 5 in Fighting
  3759 | D:5      | Noticed Edmund
  3774 | D:5      | Killed Edmund
  3807 | D:5      | Noticed Grinder
  3807 | D:5      | Paralysed by Grinder for 5 turns
  3822 | D:5      | Paralysed by Grinder for 3 turns
  3830 | D:5      | Killed Grinder
  3831 | D:5      | Reached XP level 9. HP: 30/88 MP: 8/8
  3842 | D:5      | Reached *** piety under Trog
  3859 | D:5      | Noticed Ijyb
  3868 | D:5      | Killed Ijyb
  4410 | D:6      | Reached skill level 1 in Stealth
  4445 | D:6      | Noticed a +0 hand axe
  4446 | D:6      | Noticed a +0 hand axe
  4449 | D:6      | Found a hide-covered altar of Uskayaw.
  4483 | D:6      | Found a runed translucent door.
  4484 | D:6      | Noticed Crazy Yiuf
  4594 | D:6      | Reached skill level 5 in Dodging
  4815 | D:6      | Noticed Prince Ribbit
  4829 | D:6      | Killed Prince Ribbit
  5133 | D:7      | Found a staircase to the Ecumenical Temple.
  5157 | D:7      | Reached skill level 4 in Maces & Flails
  5278 | D:7      | Reached skill level 5 in Maces & Flails
  5642 | D:7      | Found a glowing golden altar of the Shining One.
  6635 | D:9      | Reached XP level 10. HP: 71/100 MP: 9/9
  6776 | D:9      | Reached **** piety under Trog
  6777 | D:9      | Reached skill level 6 in Maces & Flails
  7336 | D:9      | Reached skill level 1 in Armour
  7476 | D:10     | Entered Level 10 of the Dungeon
  7480 | D:10     | Noticed a catoblepas
  7494 | D:10     | Killed a catoblepas
  7495 | D:10     | Reached skill level 7 in Maces & Flails
  7586 | D:10     | Noticed an orange demon
  7620 | D:10     | Found Syamaph's Jewellery Shoppe.
  7670 | D:10     | Found a transporter.
  7726 | D:10     | Bought a ring of flight for 175 gold pieces
  7791 | D:10     | Found a staircase to the Orcish Mines.
  7861 | D:10     | Found a staircase to the Lair.
  7920 | D:10     | Found Lakydwis's Jewellery Shoppe.
  7944 | D:10     | Found Yrchom's General Store.
  7953 | D:10     | Bought a potion of resistance for 140 gold pieces
  8005 | D:10     | Found a transporter.
  8011 | D:10     | Noticed pkoi's ghost (journeyman MiFi)
  8011 | D:10     | Noticed a moth of wrath
  8011 | D:10     | Noticed a manticore
  8022 | D:10     | Reached skill level 8 in Maces & Flails
  8028 | D:10     | HP: 4/102 [water moccasin (6)]
  8033 | D:10     | HP: 5/102 [moth of wrath (1)]
  8034 | D:10     | Slain by a manticore

Illustrated notes

Levels and vault maps discovered:
D:1:      heliophobic_arrival_ceremonial_halls, layout_rooms, serial_shops,
          shop, chequers_jeans
D:2:      layout_basic, dreamdust_ecumenical_altar_hidden_monk_grotto,
          serial_shops, shop_fountains, nicolae_diamond_shop, shop,
          nicolae_shop_waterfront, nicolae_shop_behind_doors, uniq_natasha
D:3:      gammafunk_steamed_eel, layout_loops_ring, vehumet_statue,
          uniq_terence, uniq_robin
D:4:      layout_layer_cave, nicolae_gozag_seed_capital
D:5:      layout_loops_ring, kennysheep_little_box, serial_co_window_serial,
          co_window_paths_a, co_window_cross_1, co_window_paths_a,
          co_window_corner_a, co_window_corner_a, co_window_cross_2,
          co_window_broadway_a, co_window_broadway_c, co_window_corner_cb,
          co_window_broadway_b, glass_columns_a, glass_columns_b,
          glass_columns_a, gup_sewer_entry_bubbles, uniq_ijyb, uniq_grinder,
          uniq_pikel, uniq_menkaure, uniq_edmund, uniq_duvessa
D:6:      layout_loops_ring, dancing_weapons_uskayaw, uniq_crazy_yiuf_cottage,
          uniq_prince_ribbit1
D:7:      layout_layer_cave, nicolae_overflow_crystal_walls,
          minmay_temple_entry_tees
D:8:      layout_cave_pods
D:9:      layout_roguey, kennysheep_mini_moat
D:10:     cheibrodos_two_vegetables, layout_long_grid, dpeg_oklobed_lair,
          orc_0_dummy, gammafunk_ghost_berserking_beasts, serial_shops,
          nicolae_inconvenience_store, shop_fountains,
          nicolae_shop_window_shopping, minivault_20

Skill      XL: |  1  2  3  4  5  6  7  8  9 10 |
---------------+-------------------------------+-----
Maces & Flails | 3 5 8 |  8.0
Dodging        | 3 4 5 |  5.3
Axes           | 1 |  1.4
Throwing       | 1 2 |  2.9
Fighting       | 3 4 5 6 7 |  7.4
Polearms       | 1 2 4 6 7 |  7.1
Stealth        | 1 |  1.4
Armour         | 3 |  3.3

Action                   |  1- 3 |  4- 6 |  7- 9 | 10-12 || total
-------------------------+-------+-------+-------+-------++-------
Melee: Mace              |    14 |       |       |       ||    14
       Hand axe          |    95 |    85 |       |       ||   180
       Glaive            |       |    44 |   128 |       ||   172
       Dire flail        |       |       |    85 |    97 ||   182
Throw: Stone             |    25 |    12 |     1 |       ||    38
       Boomerang         |       |       |    32 |    11 ||    43
Invok: Berserk           |     2 |     2 |     2 |     3 ||     9
       Trog's Hand       |     1 |     2 |     2 |     1 ||     6
       Brothers in Arms  |       |       |       |     2 ||     2
  Use: Scroll            |       |     4 |    15 |     2 ||    21
       Potion            |       |     1 |     6 |     6 ||    13
 Stab: Distracted        |       |       |       |     1 ||     1
Armor: Animal skin       |    45 |     9 |       |       ||    54
       Robe              |       |    71 |   110 |    10 ||   191
       Skin              |       |       |    18 |       ||    18
       Troll leather arm |       |       |       |    57 ||    57
Dodge: Dodged            |    56 |    91 |   124 |    79 ||   350
